 Dungeon Crawl Stone Soup version 0.22.1-1-ga44c0e56f4 (webtiles) character file.

357 Peloso the Covered (level 6, -2/55 HPs)
             Began as a Minotaur Fighter on Sept 29, 2018.
             Was an Initiate of Okawaru.
             Shot with an arrow by a centaur (6 damage)
             ... on level 4 of the Dungeon.
             The game lasted 00:05:03 (3466 turns).

Peloso the Covered (Minotaur Fighter)               Turns: 3466, Time: 00:05:03

Health: -2/55      AC: 10    Str: 21    XL:     6   Next: 37%
Magic:  5/5        EV:  6    Int:  5    God:    Okawaru [......]
Gold:   214        SH: 10    Dex: 11    Spells: 5/5 levels left

rFire    . . .     SeeInvis .   a - +0 long sword
rCold    . . .     Gourm    +   c - +0 shield
rNeg     . . .     Faith    .   b - +0 chain mail
rPois    .         Spirit   .   (helmet restricted)
rElec    .         Reflect  .   (no cloak)
rCorr    .         Harm     .   (no gloves)
MR       .....                  (no boots)
Stlth    ..........             u - amulet of the gourmand
HPRegen  0.18/turn              (no ring)
MPRegen  0.09/turn              (no ring)

@: no status effects
A: retaliatory headbutt, horns 2
a: Renounce Religion


You were on level 4 of the Dungeon.
You worshipped Okawaru.
Okawaru was noncommittal.
You were very full.

You visited 1 branch of the dungeon, and saw 5 of its levels.

You collected 214 gold pieces.

Inventory:

Hand Weapons
 a - a +0 long sword (weapon)
Armour
 b - a +0 chain mail (worn)
 c - a +0 shield (worn)
Jewellery
 u - an amulet of the gourmand (around neck)
Wands
 x - a wand of paralysis (12)
Scrolls
 e - a scroll of enchant armour {unknown}
 h - 7 scrolls of identify {unknown}
 k - a scroll of fear {unknown}
 m - a scroll of magic mapping {unknown}
 o - 3 scrolls of remove curse {unknown}
 q - a scroll of blinking {unknown}
 r - 2 scrolls of amnesia {unknown}
 t - a scroll of teleportation {unknown}
 v - a scroll of random uselessness {unknown}
 w - a scroll of enchant weapon {unknown}
Potions
 d - 4 potions of might
 g - a potion of agility {unknown}
 i - 3 potions of flight
 j - 2 potions of curing {unknown}
 l - 2 potions of resistance {unknown}
 n - a potion of berserk rage {unknown}
 p - a potion of haste {unknown}
 s - a potion of heal wounds {unknown}
Comestibles
 f - 6 rations


   Skills:
 + Level 4.9 Fighting
 + Level 4.5 Long Blades
 + Level 5.5 Armour
 + Level 1.8 Dodging
 + Level 0.3 Stealth
 + Level 4.9 Shields


You had 5 spell levels left.
You didn't know any spells.
Your spell library contained the following spells:

 Spells                   Type           Power        Failure   Level  Hunger
 Magic Dart               Conj           #...         100%        1    ##.....
 Blink                    Tloc           N/A          100%        2    ###....
 Call Imp                 Summ           #.......     100%        2    ###....
 Slow                     Hex            #.......     100%        2    ###....
 Conjure Flame            Conj/Fire      #.......     100%        3    ####...
 Mephitic Cloud           Conj/Pois/Air  #.......     100%        3    ####...


Dungeon Overview and Level Annotations

Branches:
Dungeon (5/15)
 Temple: D:4-7

Altars:
Cheibriados
Dithmenos
Okawaru


Innate Abilities, Weirdness & Mutations

You reflexively headbutt those who attack you in melee.
You have a pair of horns on your head.


Message History

The ogre is moderately wounded.
You block the ogre's attack.
Your chain mail prevents you from hitting the ogre.
The ogre is moderately wounded.
You block the ogre's attack.
You barely miss the ogre.
The ogre is moderately wounded.
The ogre hits you with a giant club!
You hit the ogre.
The ogre is heavily wounded.
The ogre hits you with a giant club!
You barely miss the ogre.
The ogre is heavily wounded.
The ogre hits you with a giant club!!
* * * LOW HITPOINT WARNING * * *
You slash the ogre! You headbutt the ogre.
You kill the ogre!
Okawaru accepts your kill.
The centaur wields a shortbow.
The centaur shoots an arrow.
The arrow hits you.
You die...

#.......# #.......' ..##
#.......# ...# #.......#
....# #.......# ....#
#.......#.)...#
#+###.......#.....#
.........)..@)c....#
.................#g....#
.................# ...##
.................# ..#
................# ...
...............# ..
##+##............# .
#...#............#
#................#


You could see a centaur and a gnoll.

Vanquished Creatures
  A sky beast (D:4)
  An ogre (D:4)
  A hound (D:4)
  An orc wizard (D:3)
  3 adders
  A gnoll (D:4)
  An adder zombie (D:5)
  2 worms (D:2)
  3 dart slugs
  3 leopard geckos
  5 orcs
  A giant cockroach (D:1)
  11 goblins
  11 hobgoblins
  5 bats
  2 frilled lizards
  11 kobolds
  7 rats
70 creatures vanquished.

Notes
Turn   | Place    | Note
-------+----------+-------------------------------------------
     0 | D:1      | Peloso the Minotaur Fighter began the quest for the Orb.
     0 | D:1      | Reached XP level 1. HP: 19/19 MP: 0/0
   122 | D:1      | Reached XP level 2. HP: 24/27 MP: 1/1
   207 | D:1      | Reached skill level 4 in Armour
   269 | D:1      | Reached XP level 3. HP: 33/34 MP: 2/2
   993 | D:2      | Found a snail-covered altar of Cheibriados.
  1023 | D:2      | Reached XP level 4. HP: 13/41 MP: 3/3
  2408 | D:3      | Found a shadowy altar of Dithmenos.
  2531 | D:3      | Reached skill level 1 in Dodging
  3124 | D:4      | Reached XP level 5. HP: 47/47 MP: 4/4
  3127 | D:4      | Found an iron altar of Okawaru.
  3128 | D:4      | Noticed a sky beast
  3149 | D:4      | Killed a sky beast
  3149 | D:4      | Reached skill level 5 in Armour
  3183 | D:4      | Became a worshipper of Warmaster Okawaru
  3388 | D:5      | Entered Level 5 of the Dungeon
  3393 | D:4      | Reached XP level 6. HP: 55/55 MP: 5/5
  3466 | D:4      | Shot with an arrow by a centaur

Skill      XL: |  1  2  3  4  5 |
---------------+----------------+-----
Fighting       | 4 |  4.9
Armour         | 4 5 |  5.5
Long Blades    | 3 4 |  4.5
Shields        | 4 |  4.9
Dodging        | 1 |  1.8
Stealth        | |  0.3

Action                   |  1- 3 |  4- 6 || total
-------------------------+-------+-------++-------
Melee: Long sword        |    98 |    84 ||   182
       Headbutt          |    19 |    18 ||    37
  Use: Potion            |       |     3 ||     3
  Eat: Chunk             |       |    13 ||    13
       Ration            |       |     1 ||     1
Armor: Scale mail        |    48 |     9 ||    57
       Chain mail        |       |    19 ||    19
Dodge: Dodged            |    42 |    19 ||    61
Block: Shield            |    64 |    39 ||   103
       Rpst.: Long sword |    11 |     5 ||    16
